Toast, chaotic male elven Priest ------------- |............# ------------ |...........|# |..........| -----.-------# `#############-..|.......| # # |..........| ---------- ### # #################...........| |)?![*/).| # ### |..........| |!?![%*%@+# # # |.^........| |?*%@m%%.|# ----.------ ### -.---------- ----------### |.{.......| # ------------- ## # |.........+ ########............-# # ###|.........| # |...........|# # #..........| +...>....{..|### # ----------- ------------- # # ### # # ---|-------- ##.....[.....| |.<........| ------------ Toast the Aspirant Experience level: 2 Strength: 10 Dexterity: 13 Constitution: 14 Intelligence: 10 Wisdom: 19 Charisma: 9 Health: 0(18) Energy: 25(25) Def: 3 Gold: 221 Moves: 703 Dungeon seed: -6-t49C_Q4sOmIfC Game ID: Toast_1614354982 Your Inventory: Coins $ - 221 gold pieces Weapons a - a blessed +1 mace (weapon in hand) m - a +0 sling Armor e - a +0 robe (being worn) n - a +0 small shield (being worn) q - a +0 dwarvish cloak Comestibles c - a clove of garlic d - a sprig of wolfsbane i - a lembas wafer Spellbooks f - a spellbook of extra healing g - a spellbook of detect food k - a spellbook of cure blindness Potions b - 4 potions of holy water Tools h - a wooden flute j - a tin whistle Gems r - an amethyst stone Spells and supernatural/magical abilities: Name Level Category Fail Memory x - extra healing 3 healing 70% 97% B - cure blindness 2 healing 29% 98% E - detect food 2 divination 35% 97% W - pray for help -- divine ? -- X - turn undead -- divine ? -- Your skills at the end: Fighting Skills Weapon Skills mace [Basic] Spellcasting Skills clerical spells [Basic] Final Attributes: You were piously aligned. You had infravision. You were lucky. You are dead. Vanquished creatures: a hobbit a gecko a jackal 2 grid bugs 4 lichens a newt 10 creatures vanquished. Voluntary challenges: You followed a strict vegan diet. You were an atheist. You used a wielded weapon 16 times, starting on turn 36. You read items or engraved 2 times, starting on turn 202. You never genocided any monsters. You never polymorphed an object. You never changed form. You used no wishes. You never split a pudding. You never wrote Elbereth's name. You never violated your personal moral code. Dungeon overview: The Dungeons of Doom: levels 1 to 2 Level 1 some fountains, a sink a long staircase Level 2 <- You were here a general store, some fountains History has recorded: On T:1 you entered the Dungeons of Doom to retrieve the Amulet of Yendor! On T:344 you advanced to experience level 2. On T:421 you reached level 2 of The Dungeons of Doom. Score breakdown: Gold: 221 ( 7981 points) Experience: 2 levels ( 5570 points) Exploration: 2 levels ( 4.17%) ( 4375 points) Discoveries: 1 item ( 0.35%) ( 1773 points) Valuables value: (no points given unless you survive) Artifact value: 0 ( 0 points) Variety of kills: 6 monsters ( 1.57%) ( 3764 points) Turncount: 703 turns ( 0 points) Survival: died (score multiplied by 80%) Total score: 18770 Latest messages: "Hello, Toast! Welcome to Sipaliwini's general store!" Please move the cursor to an unknown object. A tripe ration on the floor of a room. The door closes. You see here a lembas wafer (60 zorkmids). You see here 9 rocks (54 zorkmids). You see here a food ration (60 zorkmids). You see here a chain mail (100 zorkmids). You see here a cram ration (46 zorkmids). You see here a yellowish brown gem (1333 zorkmids). Wait! That's a small mimic! You hit the small mimic! The small mimic hits! You hit the small mimic! You miss the small mimic. You hit the small mimic! You miss the small mimic. The small mimic hits! You hit the small mimic! You miss the small mimic. You hit the small mimic! (2x) The small mimic hits! You die... Sipaliwini gratefully inherits all your possessions. Final status: Goodbye Toast the Priest, killed by a small mimic... You died in The Dungeons of Doom on dungeon level 2 with 18770 points, and 221 pieces of gold, after 703 moves. You were level 2 with a maximum of 18 hit points when you died.